 Dungeon Crawl Stone Soup version 0.21-a0-179-gd2bfb5f (webtiles) character file.

156202 MackTheKnife the Black Belt (level 17, -8/139 HPs)
             Began as a Demonspawn Monk on Aug 10, 2017.
             Was a High Priest of Okawaru.
             Mangled by a nagaraja
             ... wielding a +0 spear
              (14 damage)
             ... on level 4 of the Snake Pit.
             The game lasted 01:13:24 (28558 turns).

MackTheKnife the Black Belt (Demonspawn Monk)      Turns: 28558, Time: 01:13:26

Health: -8/139     AC: 14    Str: 17    XL:     17   Next: 10%
Magic:  29/33      EV: 21    Int: 12    God:    Okawaru [*****.]
Gold:   2370       SH: 17    Dex: 17    Spells: 13/16 levels left

rFire    . . .     SeeInvis .     - Unarmed
rCold    + . .     Gourm    .   B - +2 shield {AC+3}
rNeg     + . .     Faith    .   g - +0 scale mail of Disappointment {rElec MP+9 Dex-5 Slay+4} (curse)
rPois    +         Spirit   .   (helmet unavailable)
rElec    +         Reflect  .   f - +0 cloak
rCorr    .         Harm     .   (no gloves)
MR       ++++.     Clarity  +   (no boots)
Stlth    +++.......             q - amulet of the Four Winds {rN+ MR+++ Clar}
HPRegen  0.33/turn              I - ring of poison resistance {rPois, !d}
MPRegen  0.23/turn              e - ring of protection from cold {rC+, !d}

@: agile, heroism, finesse, flying
A: claws 2, hooves 2, horns 3, demonic guardian 1, powered by death 2
a: Heroism, Finesse, Renounce Religion


You were on level 4 of the Snake Pit.
You worshipped Okawaru.
Okawaru was extremely pleased with you.
You were not hungry.

You visited 5 branches of the dungeon, and saw 28 of its levels.
You also visited: Ice Cave and Volcano.

You collected 3237 gold pieces.
You spent 867 gold pieces at shops.

Inventory:

Missiles
 s - 2 throwing nets {=f, !d}
Armour
 f - a +0 cloak (worn)
   (You found it on level 1 of the Dungeon)
 g - the cursed +0 scale mail of Disappointment (worn) {rElec MP+9 Dex-5 Slay+4}
   (You found it on level 4 of the Snake Pit)

   It affects your dexterity (-5).
   It affects your accuracy and damage with ranged weapons and melee attacks
   (+4).
   It insulates you from electricity.
   It affects your magic capacity (+9).
   It has a curse placed upon it.
 h - a +0 robe
   (You took it off a naga warrior on level 4 of the Snake Pit)
 r - +3 fire dragon scales
   (You found it in a volcano)
 B - a +2 shield of protection (worn)
   (Okawaru gifted it to you on level 6 of the Lair of Beasts)
 Q - a +2 crystal plate armour
   (Okawaru gifted it to you on level 14 of the Dungeon)
Jewellery
 e - a ring of protection from cold (right claw) {rC+, !d}
   (You found it on level 1 of the Dungeon)
 q - the amulet of the Four Winds (around neck) {rN+ MR+++ Clar}
   (You found it on level 1 of the Snake Pit)

   [amulet of nothing]

   It protects you from negative energy.
   It affects your resistance to hostile enchantments.
   It protects you against confusion.
 H - an uncursed ring of flight {+Fly, !d}
   (You found it on level 2 of the Lair of Beasts)
 I - a ring of poison resistance (left claw) {rPois, !d}
   (You found it on level 8 of the Dungeon)
Wands
 n - a wand of paralysis (14/24)
   (You found it on level 1 of the Snake Pit)
 v - a wand of digging (10/24)
   (You found it on level 7 of the Dungeon)
 K - a wand of paralysis (7/24)
   (You took it off Maurice on level 2 of the Orcish Mines)
 L - a wand of paralysis (0/24)
   (You found it on level 10 of the Dungeon)
 W - a wand of iceblast (0/15)
   (You found it on level 1 of the Snake Pit)
Scrolls
 c - 6 scrolls of recharging
 i - 4 scrolls of teleportation
 l - 2 scrolls of fog
 z - 9 scrolls of remove curse
 M - a scroll of summoning
 S - a scroll of magic mapping {!r}
 U - 4 scrolls of silence
Potions
 a - 3 potions of ambrosia
 k - 4 potions of haste
 m - 2 potions of magic
 p - 4 potions of might
 t - a potion of flight
 u - 3 potions of mutation {!q}
 w - 6 potions of lignification {!q}
 x - 5 potions of heal wounds
 A - 2 potions of berserk rage {!q}
 E - 13 potions of curing
 F - 3 potions of agility
 O - 5 potions of resistance
 P - 4 potions of brilliance
 R - 2 potions of invisibility
Miscellaneous
 d - a lamp of fire (inert)
   (You found it on level 8 of the Dungeon)
 D - a phial of floods (inert)
   (You found it on level 3 of the Snake Pit)
Comestibles
 b - 6 bread rations {@e1}
 j - 21 fruits
 o - 10 meat rations {@e2}
 C - 11 royal jellies


   Skills:
 + Level 14.2(19.2) Fighting
 - Level 9.2(14.2) Armour
 - Level 5.2(10.2) Dodging
 - Level 1.7(6.7) Stealth
 - Level 13.0(18.0) Shields
 + Level 16.4(21.4) Unarmed Combat
 - Level 7.5 Invocations
 - Level 10.3 Evocations


You had 13 spell levels left.
You knew the following spells:

 Your Spells              Type           Power        Failure   Level  Hunger
r - Regeneration          Chrm/Necr      #.........   93%         3    ####...


Dungeon Overview and Level Annotations

Branches:
Dungeon (15/15)            Temple (1/1) D:5            Lair (6/6) D:11
 Shoals (0/4) Lair:2        Snake (4/4) Lair:2        Slime (0/5) Lair:6
    Orc (2/2) D:9             Elf (0/3) Orc:2        Vaults (0/5) D:14
 Depths (0/5) D:15

Altars:
Ashenzari
Cheibriados
Dithmenos
Elyvilon
Fedhas
Gozag
Hepliaklqana
Kikubaaqudgha
Makhleb
Nemelex Xobeh
Okawaru
Qazlal
Ru
Sif Muna
Trog
Uskayaw
Vehumet
Wu Jian
Xom
Yredelemnul
Zin
The Shining One
Beogh
Jiyva

Shops:
D:9 (   D:10 :   Orc:2 *!*[   Snake:2 :   Snake:3 (

Portals:
Hell: Lair:6
Trove: D:14 (give 9 potions of haste)

Annotations:
D:9 Erolcha
Lair:3 exclusion: oklob plant, Rupert
Snake:2 Vashnia


Innate Abilities, Weirdness & Mutations

You have very sharp fingernails.
You have hoof-like feet.
You have a pair of large horns on your head.
A weak demonic guardian rushes to your aid.
You regenerate health from kills.


Message History

The naga warrior hits your water elemental with an enchanted hand axe!
The naga warrior hits your iron imp with an enchanted hand axe!
The naga warrior completely misses you.
A naga warrior comes into view. It is wielding a battleaxe.
You take 10 damage, and have 78/139 hp.
You feel very buoyant.
You fly up into the air.
The nagaraja hits you with a whip! The nagaraja completely misses you.
The nagaraja spits poison at you. You block the splash of poison.
The nagaraja is engulfed in blazing flames.
The nagaraja hits you from afar with a spear.
The naga warrior is engulfed in blazing flames.
The nagaraja is engulfed in blazing flames.
The nagaraja is engulfed in a cloud of scalding steam.
You block the nagaraja's attack. You block the naga mage's attack.
The naga mage grabs you. The naga mage constricts you.
You block the nagaraja's attack.
The nagaraja hits you but does no damage.
Your water elemental hits the naga warrior!!
Your water elemental engulfs the naga warrior in water!
Your iron imp hits the naga warrior!
A naga mage comes into view. It is wielding a club.
You take 15 damage, and have 63/139 hp.
You closely miss the naga mage.
You kick the naga mage, but do no damage.
You headbutt the naga mage!
You kill the naga mage!
Okawaru accepts your kill.
You hear a splash.
The naga warrior hits you with an enchanted hand axe.
The naga warrior hits your iron imp with an enchanted hand axe!
Your iron imp dies!
The naga warrior hits your water elemental with an enchanted hand axe.
The naga warrior hits your water elemental with an enchanted hand axe!
You block the naga warrior's attack.
The nagaraja is engulfed in blazing flames.
The nagaraja gestures wildly while chanting.
The nagaraja seems to speed up.
You take 3 damage, and have 60/139 hp.
The nagaraja spits poison at you. The splash of poison hits you! You resist.
The nagaraja casts a spell at you. The bolt of poison hits you! You resist.
The nagaraja is engulfed in blazing flames.
The naga warrior blocks your water elemental's attack.
The nagaraja is engulfed in blazing flames.
The naga warrior moves out of view.
The naga warrior blocks your water elemental's attack.
The naga warrior pulls free of the water.
The nagaraja spits poison at you. The splash of poison hits you! You resist.
Unknown command.
You take 8 damage, and have 52/139 hp.
You closely miss the nagaraja. You headbutt the nagaraja.
The guardian serpent gestures with its tail.
The nagaraja blinks!
The naga mage blinks into view!
You block the nagaraja's attack. The nagaraja grabs you.
The nagaraja constricts you. You block the nagaraja's attack.
Your water elemental hits the nagaraja.
Your water elemental engulfs the nagaraja in water!
The naga sharpshooter unwields an uncursed mace.
The naga sharpshooter wields an uncursed arbalest.
The naga sharpshooter gestures wildly while chanting.
The naga sharpshooter magically shoots a bolt.
The bolt hits you!
* * * LOW HITPOINT WARNING * * *
The naga hits you with a scimitar!
* * * LOW HITPOINT WARNING * * *
The naga mage spits poison at you. The splash of poison misses you.
The splash of poison hits the naga.
The naga warrior blocks your water elemental's attack.
The naga hits you but does no damage.
The nagaraja is engulfed in blazing flames.
The naga mage misses you. The nagaraja misses you.
The nagaraja hits you with a whip!
* * * LOW HITPOINT WARNING * * *
x2 The nagaraja constricts you.
You see here 2 bolts.
You take 39 damage, and have 13/139 hp.
MASSIVE DAMAGE!!
As you read the scroll of fear, it crumbles to dust.
You assume a fearsome visage.
Your water elemental is unaffected. x2
The naga looks frightened!
The naga warrior looks frightened!
The nagaraja easily resists.
The naga looks frightened!
The naga mage looks frightened! x2; The guardian serpent looks frightened!
The naga mage looks frightened!
The guardian serpent looks frightened!
The nagaraja easily resists.
The nagaraja resists with some effort.
The nagaraja looks frightened!
The naga sharpshooter looks frightened!
The nagaraja resists with some effort.
The nagaraja barely misses you.
The nagaraja hits you from afar with a halberd!
* * * LOW HITPOINT WARNING * * *
Your water elemental hits the nagaraja!
The nagaraja loses its grip on you.
The naga warrior hits your water elemental with an enchanted hand axe!!
You block the naga warrior's attack.
The naga sharpshooter yells, "Help!"
The nagaraja hits you from afar with a spear!
You die...

#..........##........)##........
#........##.............##......
##.......#.................#.....
#.......#........#''#.......#....
#.......#........<.<.............
#.......#......../..........#....
........#.......N...........#....
##.......#.)..)N.N......)..#.....
#.......#.....N@≈N≈≈......#.....
##.......#....NNNE(≈.....#......
##......(##...N)NE≈...##....###
#####.#######.≈§≈.#######.## ###
###N### ###


S§N ##§## .S. §NN You could see a naga warrior (fleeing), 5 nagarajas, a naga
sharpshooter (fleeing), a guardian serpent (fleeing), 3 naga magi, 2 nagas and 2
friendly water elementals.

Vanquished Creatures
  Gastronok (Lair:2)
  6 nagarajas
  Donald (Orc:2)
  Louise (Snake:4)
  2 orc warlords (Orc:2)
  A reaper (IceCv)
  Nessos (Lair:4)
  Azrael (Snake:3)
  A red draconian (Volcano)
  The ghost of oki the Severer, a journeyman HOFi of Yredelemnul (Lair:1)
  Snorg (D:10)
  13 naga warriors
  7 vault guards (D:14)
  4 anacondas
  A catoblepas (Lair:3)
  6 hydras
  An ogre mage (Volcano)
  2 centaur warriors
  11 two-headed ogres
  4 orc high priests (Orc:2)
  6 shock serpents
  14 naga sharpshooters
  Sonja (Orc:2)
  A sixfirhy (Lair:6)
  A skeletal warrior (D:15)
  An unseen horror (shapeshifter) (D:14)
  A wizard (Lair:6)
  4 unseen horrors
  4 orc knights (Orc:2)
  3 naga ritualists
  A necromancer (D:15)
  8 orc sorcerers
  A phantasmal warrior (D:15)
  A sphinx zombie (D:15)
  2 mana vipers
  A frost giant zombie (D:15)
  5 salamanders
  6 deep elf magi
  3 manticores
  5 cyclopes
  13 elephants
  13 ugly things
  13 naga magi
  2 ice statues (IceCv)
  21 black mambas
  7 guardian serpents
  Joseph (Lair:1)
  Maurice (Orc:2)
  2 orange demons (Lair:6)
  A kobold demonologist (D:13)
  6 rime drakes
  10 spiny frogs
  An elf zombie (D:15)
  A guardian mummy (D:15)
  A rime drake (shapeshifter) (D:13)
  A hellwing (Lair:6)
  9 komodo dragons
  9 ice devils
  A freezing wraith (D:8)
  2 red devils (Lair:6)
  6 trolls
  2 polar bears
  Grinder (D:5)
  9 hippogriffs
  6 blink frogs (Lair:2)
  A harpy skeleton (D:14)
  A spriggan zombie (D:15)
  A meliai zombie (D:13)
  Sigmund (D:4)
  A wraith (D:15)
  3 basilisks
  8 yaks
  2 vampires (D:10)
  A human (D:7)
  4 hogs (D:7)
  2 fire elementals (Snake:3)
  4 hungry ghosts
  2 steam dragons
  2 vampire mosquitoes (D:12)
  A redback simulacrum (D:15)
  7 wargs
  Menkaure (D:7)
  36 nagas
  2 soldier ants
  An acid dragon (D:14)
  18 water moccasins
  7 hell hounds
  13 porcupines
  7 ice beasts
  3 sky beasts
  45 orc warriors
  25 ogres
  4 wolves (Lair:1)
  15 centaurs
  13 crocodiles
  6 big kobolds
  20 bullfrogs
  A wyvern zombie (D:13)
  8 scorpions
  8 killer bees (D:10)
  4 wights (D:12)
  2 electric eels
  10 crimson imps
  2 centaur zombies
  11 hounds
  5 jellies
  3 centaur skeletons
  33 orc priests
  Crazy Yiuf (D:5)
  2 iguanas
  2 bullfrog skeletons
  23 orc wizards
  6 worker ants
  2 hound skeletons
  A worker ant zombie (D:10)
  15 adders
  8 gnolls (D:8)
  3 shadow imps
  7 white imps (IceCv)
  6 ufetubi (IceCv)
  2 oozes (D:2)
  An adder zombie (D:5)
  6 worms
  2 dart slugs
  8 leopard geckos
  103 orcs
  4 ball pythons
  7 giant cockroaches
  9 goblins
  7 hobgoblins
  12 jackals
  6 quokkas
  10 bats
  8 frilled lizards
  30 kobolds
  A leopard gecko skeleton (D:7)
  A leopard gecko zombie (D:5)
  2 quokka skeletons
  11 rats
  A fungus (Lair:6)
  A plant (Lair:2)
926 creatures vanquished.

Vanquished Creatures (collateral kills)
  2 shock serpents
  An orc sorcerer (Orc:2)
  2 elephants
  A black mamba (Snake:3)
  A spiny frog (Lair:1)
  A komodo dragon (Lair:3)
  A merfolk (Lair:2)
  A hippogriff (Lair:6)
  A wyvern (D:12)
  A fire elemental (Snake:3)
  2 nagas (Snake:4)
  A water moccasin (Lair:5)
  A sky beast (D:9)
  2 ogres
  An eye of draining (D:11)
  A centaur (D:5)
  Blork the orc (D:5)
  4 bullfrogs
  A jelly (D:5)
  2 orc priests (Orc:2)
  A hound (D:8)
  2 bullfrog skeletons
  A worker ant (D:4)
  An adder (D:5)
  A white imp (IceCv)
  An ufetubus (IceCv)
  An orc (Orc:2)
  A leopard gecko skeleton (D:5)
  A quokka zombie (D:8)
38 creatures vanquished.

Vanquished Creatures (others)
  A two-headed ogre (Volcano)
  A black mamba (Snake:4)
  A sky beast (D:8)
  3 white imps (IceCv)
  3 ufetubi (IceCv)
  12 fungi (Lair:6)
  4 plants (Lair:6)
25 creatures vanquished.

Grand Total: 989 creatures vanquished

Notes
Turn   | Place    | Note
-------+----------+-------------------------------------------
     0 | D:1      | MackTheKnife the Demonspawn Monk began the quest for the Orb.
     0 | D:1      | Reached XP level 1. HP: 18/18 MP: 1/1
    78 | D:1      | Reached skill level 3 in Unarmed Combat
   198 | D:1      | Gained mutation: You have a pair of small horns on your head. [demonic ancestry]
   198 | D:1      | Reached XP level 2. HP: 23/24 MP: 2/2
   555 | D:1      | Gained mutation: A weak demonic guardian rushes to your aid. [demonic ancestry]
   555 | D:1      | Reached XP level 3. HP: 18/29 MP: 3/3
   809 | D:1      | Reached skill level 4 in Unarmed Combat
  1369 | D:2      | Gained mutation: You regenerate a little health from kills. [demonic ancestry]
  1369 | D:2      | Reached XP level 4. HP: 19/35 MP: 4/4
  1747 | D:2      | Found a faded altar of an unknown god.
  2080 | D:3      | Reached skill level 5 in Unarmed Combat
  2287 | D:3      | Reached XP level 5. HP: 34/41 MP: 5/5
  3038 | D:4      | Reached skill level 6 in Unarmed Combat
  3043 | D:4      | Gained mutation: You regenerate health from kills. [demonic ancestry]
  3043 | D:4      | Reached XP level 6. HP: 30/47 MP: 6/6
  3320 | D:4      | Reached skill level 7 in Unarmed Combat
  3331 | D:4      | Found a shimmering altar of Xom.
  3360 | D:4      | Gained mutation: You have a pair of horns on your head. [demonic ancestry]
  3360 | D:4      | Reached XP level 7. HP: 50/52 MP: 7/7
  3419 | D:4      | Noticed Sigmund
  3428 | D:4      | Killed Sigmund
  3428 | D:4      | Reached skill level 4 in Fighting
  3512 | D:4      | Found a white marble altar of Elyvilon.
  3570 | D:4      | Found a basalt altar of Yredelemnul.
  3641 | D:5      | Entered Level 5 of the Dungeon
  3672 | D:5      | Found a staircase to the Ecumenical Temple.
  3714 | D:5      | Noticed Blork the orc
  3717 | Temple   | Entered the Ecumenical Temple
  3977 | Temple   | Became a worshipper of Warmaster Okawaru
  3977 | Temple   | Reached * piety under Okawaru
  3977 | Temple   | Reached ** piety under Okawaru
  4014 | D:5      | Killed Blork the orc
  4127 | D:5      | Noticed Grinder
  4137 | D:5      | Paralysed by Grinder for 4 turns
  4142 | D:4      | Reached skill level 5 in Fighting
  4142 | D:4      | Reached skill level 8 in Unarmed Combat
  4364 | D:5      | Found a blossoming altar of Fedhas.
  4366 | D:5      | Found an ancient bone altar of Kikubaaqudgha.
  4451 | D:5      | Reached XP level 8. HP: 62/62 MP: 8/8
  4558 | D:5      | Killed Grinder
  4632 | D:5      | Reached skill level 6 in Fighting
  4688 | D:5      | Found a runed door.
  4883 | D:5      | Noticed Crazy Yiuf
  4891 | D:5      | Killed Crazy Yiuf
  5242 | D:5      | Reached skill level 2 in Evocations
  5257 | D:6      | Reached *** piety under Okawaru
  5275 | D:6      | Reached skill level 3 in Evocations
  5627 | D:6      | Reached skill level 1 in Invocations
  5651 | D:6      | Reached skill level 2 in Invocations
  5651 | D:6      | Reached skill level 4 in Evocations
  5710 | D:6      | Found a deep blue altar of Sif Muna.
  5988 | D:6      | Reached skill level 3 in Invocations
  5988 | D:6      | Reached XP level 9. HP: 39/69 MP: 12/12
  6202 | D:7      | Reached skill level 5 in Evocations
  6338 | D:7      | Reached **** piety under Okawaru
  6338 | D:7      | Reached skill level 6 in Evocations
  6416 | D:7      | Noticed Menkaure
  6424 | D:7      | Killed Menkaure
  6475 | D:7      | Reached skill level 7 in Evocations
  6630 | D:7      | Found a hide-covered altar of Uskayaw.
  6658 | D:7      | Reached skill level 8 in Evocations
  6946 | D:8      | Reached skill level 9 in Evocations
  6968 | D:8      | Learned a level 3 spell: Regeneration
  7219 | D:8      | Gained mutation: You have sharp fingernails. [demonic ancestry]
  7219 | D:8      | Reached XP level 10. HP: 68/76 MP: 17/17
  7486 | D:8      | Noticed a cyclops
  7507 | D:8      | HP: 15/76 [cyclops (16)]
  7690 | D:8      | Killed a cyclops
  7690 | D:8      | Reached ***** piety under Okawaru
  7690 | D:8      | Reached skill level 10 in Evocations
  7828 | D:8      | Noticed a centaur warrior
  7832 | D:8      | Killed a centaur warrior
  7832 | D:8      | Reached skill level 9 in Unarmed Combat
  7845 | D:8      | Reached skill level 7 in Fighting
  8185 | D:9      | Found a staircase to the Orcish Mines.
  8187 | D:9      | Found Huagg's Weapon Boutique.
  8551 | D:9      | Noticed Erolcha
  8555 | D:10     | Entered Level 10 of the Dungeon
  8564 | D:10     | Received a gift from Okawaru
  8585 | D:10     | Reached skill level 8 in Fighting
  8598 | D:10     | Noticed Snorg
  8600 | D:10     | HP: 20/80 [vampire (11)]
  9070 | D:10     | Killed Snorg
  9070 | D:10     | Reached skill level 10 in Unarmed Combat
  9127 | D:10     | Reached XP level 11. HP: 55/87 MP: 15/18
  9394 | D:10     | Noticed a two-headed ogre
  9403 | D:10     | Killed a two-headed ogre
  9558 | D:10     | Reached skill level 9 in Fighting
  9675 | D:10     | Killed an unseen horror
  9736 | D:10     | Found Jeapp's Book Boutique.
 10051 | D:11     | Noticed a red ugly thing
 10066 | D:11     | Killed a red ugly thing
 10072 | D:11     | Found a staircase to the Lair.
 10089 | D:11     | Received a gift from Okawaru
 10089 | D:11     | Reached skill level 11 in Unarmed Combat
 10113 | D:11     | Noticed a deep elf mage
 10114 | D:11     | Noticed a deep elf mage
 10147 | D:11     | Killed a deep elf mage
 10147 | D:11     | Reached skill level 2 in Armour
 10157 | D:11     | Noticed a seven-headed hydra
 10189 | Lair:1   | Entered Level 1 of the Lair of Beasts
 10212 | Lair:1   | Found a frozen archway.
 10242 | IceCv    | Entered an ice cave
 10274 | IceCv    | Reached skill level 4 in Invocations
 10303 | IceCv    | Reached skill level 3 in Armour
 10331 | IceCv    | Reached skill level 5 in Invocations
 10504 | IceCv    | Reached skill level 4 in Armour
 10504 | IceCv    | Reached skill level 6 in Invocations
 10517 | IceCv    | Noticed a reaper
 10528 | IceCv    | Killed a reaper
 10528 | IceCv    | Reached skill level 7 in Invocations
 10532 | IceCv    | Received a gift from Okawaru
 10560 | IceCv    | Got an ebony demon blade
 10794 | Lair:1   | Reached skill level 5 in Armour
 10798 | Lair:1   | Gained mutation: You have large cloven feet. [demonic ancestry]
 10798 | Lair:1   | Reached XP level 12. HP: 84/96 MP: 19/19
 10861 | Lair:1   | Got a spiked ring mail
 10917 | Lair:1   | Identified the cursed +0 ring mail of Vuonuggy {rCorr Str+3} (You found it on level 1 of the Lair of Beasts)
 11028 | Lair:1   | Reached skill level 3 in Dodging
 11061 | Lair:1   | Noticed Joseph
 11078 | Lair:1   | Killed Joseph
 11119 | Lair:1   | Noticed a four-headed hydra
 11125 | Lair:1   | Killed a four-headed hydra
 11204 | Lair:1   | Reached skill level 6 in Armour
 11273 | Lair:1   | Identified the cursed +2 demon blade of the Revolution {slice, rN+ Str+3 Dex+3} (You found it in an ice cave)
 11280 | Lair:1   | Reached skill level 4 in Dodging
 11285 | Lair:1   | Noticed oki's ghost (journeyman HOFi)
 11305 | Lair:1   | HP: 10/96 [oki's ghost (29)]
 11306 | Lair:1   | HP: 1/96 [oki's ghost (10)]
 11459 | Lair:2   | Noticed Gastronok
 11467 | Lair:2   | Killed Gastronok
 11467 | Lair:2   | Reached skill level 5 in Dodging
 12101 | Lair:2   | Reached skill level 10 in Fighting
 12300 | Lair:2   | Found a staircase to the Snake Pit.
 12389 | Lair:2   | Found a staircase to the Shoals.
 12443 | Lair:2   | Received a gift from Okawaru
 12567 | Lair:3   | Noticed Rupert
 12630 | Lair:3   | Noticed a catoblepas
 12648 | Lair:3   | Killed a catoblepas
 12652 | Lair:3   | Reached skill level 12 in Unarmed Combat
 13134 | Lair:3   | Reached XP level 13. HP: 89/103 MP: 20/20
 13502 | Lair:3   | You fall through a shaft for 3 floors!
 13502 | Lair:6   | Entered Level 6 of the Lair of Beasts
 13502 | Lair:6   | Found a burning altar of Makhleb.
 13586 | Lair:6   | Got a jewelled scythe
 13618 | Lair:6   | Received a gift from Okawaru
 13634 | Lair:6   | Reached skill level 13 in Unarmed Combat
 13795 | Lair:6   | Found a viscous altar of Jiyva.
 13795 | Lair:6   | Found a staircase to the Slime Pits.
 14274 | Lair:6   | Reached skill level 14 in Unarmed Combat
 14535 | Lair:6   | Received a gift from Okawaru
 14691 | Lair:6   | Reached skill level 1 in Shields
 14696 | Lair:6   | Reached ****** piety under Okawaru
 14696 | Lair:6   | Reached skill level 2 in Shields
 14768 | Lair:6   | Reached skill level 3 in Shields
 14804 | Lair:6   | Got a smoking buckler
 14814 | Lair:6   | Identified the +0 buckler of Happiness {rN+++ Slay-4} (You took it off a red devil on level 6 of the Lair of Beasts)
 14832 | Lair:6   | Found a gateway to Hell.
 15007 | Lair:5   | Reached skill level 4 in Shields
 15159 | Lair:5   | Found a dark tunnel.
 15179 | Volcano  | Entered a volcano
 15284 | Volcano  | Noticed a red draconian
 15309 | Volcano  | Reached skill level 5 in Shields
 15413 | Volcano  | Killed a red draconian
 15418 | Volcano  | Gained mutation: You have hoof-like feet. [demonic ancestry]
 15418 | Volcano  | Reached XP level 14. HP: 79/111 MP: 14/21
 15585 | Lair:5   | Reached skill level 6 in Shields
 16408 | Lair:4   | Noticed Nessos
 16438 | Lair:4   | Reached skill level 7 in Shields
 16451 | Lair:4   | Killed Nessos
 17121 | Lair:1   | Killed oki's ghost
 17121 | Lair:1   | Received a gift from Okawaru
 17341 | D:11     | Reached skill level 8 in Shields
 17934 | Orc:1    | Entered Level 1 of the Orcish Mines
 18540 | Orc:2    | Entered Level 2 of the Orcish Mines
 18540 | Orc:2    | Noticed Donald
 18759 | Orc:2    | Reached skill level 9 in Shields
 18772 | Orc:2    | Killed Donald
 18919 | Orc:2    | Noticed Sonja
 18938 | Orc:2    | Killed Sonja
 19021 | Orc:2    | Found Ampyonul's Assorted Antiques.
 19047 | Orc:2    | Bought a scroll labeled VIBEUM YQOM for 19 gold pieces
 19047 | Orc:2    | Bought a potion of might for 76 gold pieces
 19062 | Orc:2    | Found Uvves's Distillery.
 19088 | Orc:2    | Bought 2 potions of heal wounds for 130 gold pieces
 19088 | Orc:2    | Bought a potion of heal wounds for 65 gold pieces
 19088 | Orc:2    | Bought a potion of might for 52 gold pieces
 19088 | Orc:2    | Bought a potion of might for 52 gold pieces
 19088 | Orc:2    | Bought a potion of agility for 52 gold pieces
 19088 | Orc:2    | Bought a potion of curing for 39 gold pieces
 19088 | Orc:2    | Bought a potion of curing for 39 gold pieces
 19106 | Orc:2    | Reached skill level 10 in Shields
 19134 | Orc:2    | Found a roughly hewn altar of Beogh.
 19161 | Orc:2    | Noticed an orc warlord
 19177 | Orc:2    | Killed an orc warlord
 19573 | Orc:2    | Found a staircase to the Elven Halls.
 19635 | Orc:2    | Reached skill level 11 in Fighting
 19638 | Orc:2    | Paralysed by an orc sorcerer for 5 turns
 19782 | Orc:2    | Noticed Maurice
 19921 | Orc:2    | Killed Maurice
 19921 | Orc:2    | Received a gift from Okawaru
 19927 | Orc:2    | Got a polished hand crossbow {god gift}
 19987 | Orc:2    | Noticed an orc warlord
 19989 | Orc:2    | Found a roughly hewn altar of Beogh.
 20002 | Orc:2    | Killed an orc warlord
 20047 | Orc:2    | Found Zeiplukao's Assorted Antiques.
 20071 | Orc:2    | Bought a scroll of enchant armour for 157 gold pieces
 20071 | Orc:2    | Bought a dark potion for 18 gold pieces
 20071 | Orc:2    | Bought a scroll of identify for 42 gold pieces
 20071 | Orc:2    | Bought a scroll of identify for 42 gold pieces
 20071 | Orc:2    | Bought a scroll of identify for 42 gold pieces
 20071 | Orc:2    | Bought a scroll of identify for 42 gold pieces
 20099 | Orc:2    | Found Tukepp's Antique Armour Boutique.
 20180 | Orc:2    | Gained mutation: You have very sharp fingernails. [demonic ancestry]
 20180 | Orc:2    | Reached XP level 15. HP: 108/119 MP: 19/22
 20306 | Orc:1    | MackTheKnife: Evocables are pretty good
 21091 | D:12     | MackTheKnife: hey power
 21091 | D:12     | p0werm0de: yo
 21091 | D:12     | p0werm0de: ;D
 21091 | D:12     | MackTheKnife: I accidentally left evocables on
 21091 | D:12     | MackTheKnife: 10.3 completely wrecked L: and O:
 21091 | D:12     | p0werm0de: well thats good no
 21091 | D:12     | p0werm0de: ;D
 21091 | D:12     | MackTheKnife: 56% /para on warlocks
 21091 | D:12     | p0werm0de: never wasted
 21097 | D:13     | p0werm0de: ye
 21117 | D:13     | p0werm0de: evo=op
 21175 | D:13     | MackTheKnife: yep
 21417 | D:13     | Found a blossoming altar of Fedhas.
 21428 | D:13     | Reached skill level 12 in Fighting
 21439 | D:13     | p0werm0de: i need mindset-reset!!
 21442 | D:13     | Received a gift from Okawaru
 21456 | D:13     | p0werm0de: fkk this muck shiat!!;D
 21456 | D:13     | p0werm0de: i play so bad
 21456 | D:13     | MackTheKnife: hahah
 21456 | D:13     | MackTheKnife: yeah, take a break
 21456 | D:13     | MackTheKnife: go watch a film
 21456 | D:13     | p0werm0de: ;D
 21456 | D:13     | MackTheKnife: have a beer
 21560 | D:13     | p0werm0de: im watching your game and have coffee+cigs
 21565 | D:13     | p0werm0de: ;D
 21571 | D:13     | Reached skill level 15 in Unarmed Combat
 21730 | D:13     | p0werm0de: rarely drink alcohol
 21760 | D:13     | p0werm0de: esp not alone
 21782 | D:13     | MackTheKnife: heheh
 21782 | D:13     | MackTheKnife: guess nicotine is your vice
 21782 | D:13     | p0werm0de: ye
 21782 | D:13     | MackTheKnife: like I mentioned, spent a week abroad
 21782 | D:13     | MackTheKnife: slovenia with family & wife
 21782 | D:13     | MackTheKnife: so much wine
 21782 | D:13     | p0werm0de: aye nice
 21782 | D:13     | MackTheKnife: Im about marinated in the stuff
 21782 | D:13     | MackTheKnife: could cook me and Id taste great
 21840 | D:14     | namelastname112: mmm
 21841 | D:14     | namelastname112: a trove
 21841 | D:14     | p0werm0de: !greatrace dr namelastname112
 21899 | D:14     | namelastname112: i am a great dr dude
 21900 | D:14     | p0werm0de: ?!
 21900 | D:14     | beem: namelastname112 is a greatdraconian!
 21939 | D:14     | p0werm0de: yy senorita i know
 21951 | D:14     | Received a gift from Okawaru
 21961 | D:14     | namelastname112: i wonder if this works still
 21961 | D:14     | namelastname112: !tiamat
 21961 | D:14     | beem: namelastname112 is a tiamat player
 21985 | D:14     | namelastname112: yay
 22068 | D:14     | p0werm0de: !tiamat
 22068 | D:14     | p0werm0de: me not
 22068 | D:14     | p0werm0de: ;D
 22069 | D:14     | beem: p0werm0de is not a tiamat player. Unwon draconians: Pale, White, Grey
 22110 | D:14     | Found a roughly hewn altar of Beogh.
 22121 | D:14     | p0werm0de: lol
 22140 | D:14     | namelastname112: only 3 left
 22140 | D:14     | p0werm0de: mhh
 22140 | D:14     | MackTheKnife: completely unnecessary lamp, but had to be done
 22241 | D:14     | Found a shadowy altar of Dithmenos.
 22387 | D:14     | namelastname112: actally i was kinda surprised
 22448 | D:14     | namelastname112: that after a year pause i'm still that dude that wonmost drs
 22454 | D:14     | namelastname112: drs kinda unpopular
 22466 | D:14     | Found a gate to the Vaults.
 22801 | D:14     | Found a portal to a secret trove of treasure.
 22908 | D:14     | MackTheKnife: Nine !haste seems like a trap
 22908 | D:14     | MackTheKnife: doubt the content is better
 23089 | D:15     | Entered Level 15 of the Dungeon
 23120 | D:15     | Reached skill level 13 in Fighting
 23212 | D:15     | Found a staircase to the Depths.
 24125 | Snake:1  | Entered Level 1 of the Snake Pit
 24509 | Snake:1  | Reached skill level 16 in Unarmed Combat
 24549 | Snake:1  | Received a gift from Okawaru
 24552 | Snake:1  | Got a bone demon trident {god gift}
 24561 | Snake:1  | Identified the +4 demon trident of True Grit {flame, rN+ Str+2 Int-4 Dex+5} (Okawaru gifted it to you on level 1 of the Snake Pit)
 24563 | Snake:1  | Identified the +2 hand crossbow "Kodgh" {velocity, +Fly rF+ rN+ Dex-5} (Okawaru gifted it to you on level 2 of the Orcish Mines)
 24654 | Snake:1  | p0werm0de: !hs * dras
 24654 | Snake:1  | beem: 1751. p0werm0de the Sensei (L27 DrAs of Wu Jian), escaped with the Orb and 15 runes on 2017-07-18 08:53:53, with 36831256 points after 39845 turns and 5:58:42.
 24656 | Snake:1  | p0werm0de: i have some but ye dont like them rly
 24656 | Snake:1  | p0werm0de: only transmute ;P
 24667 | Snake:1  | p0werm0de: although theyre quite strong yea
 24679 | Snake:1  | p0werm0de: !hs * drck
 24679 | Snake:1  | Reached XP level 16. HP: 120/132 MP: 21/23
 24680 | Snake:1  | beem: 9114. p0werm0de the Sensei (L27 DrCK of Xom), escaped with the Orb and 15 runes on 2016-10-12 17:25:47, with 34703779 points after 42353 turns and 6:04:33.
 25298 | Snake:1  | Got a twisted broad axe
 25558 | Snake:2  | Reached skill level 7 in Armour
 25664 | Snake:2  | Noticed Vashnia
 25673 | Snake:2  | namelastname112: !lg p0werm0de won fe--
 25679 | Snake:2  | beem: 4. p0werm0de the Ninja (L27 FeSu of Dithmenos), escaped with the Orb and 15 runes on 2016-11-07 01:11:26, with 13036443 points after 123030 turns and 10:18:36.
 25685 | Snake:2  | namelastname112: !lg p0werm0de won fe-- 3
 25686 | Snake:2  | beem: 3/4. P0WERM0DE the Slayer (L25 FeMo of Wudzu), escaped with the Orb and 3 runes on 2016-10-04 21:06:14, with 1577433 points after 75106 turns and 4:37:06.
 25687 | Snake:2  | namelastname112: !lg p0werm0de won fe-- 2
 25689 | Snake:2  | beem: 2/4. p0werm0de the Ninja (L27 FeCK of Xom), escaped with the Orb and 15 runes on 2016-06-10 00:04:30, with 15148624 points after 104403 turns and 9:51:12.
 25716 | Snake:2  | namelastname112: yay a feck
 26196 | Snake:2  | Reached skill level 8 in Armour
 26348 | Snake:2  | Found Ynurghapp's Book Emporium.
 26377 | Snake:2  | Reached skill level 9 in Armour
 27044 | Snake:3  | Reached skill level 11 in Shields
 27365 | Snake:3  | Noticed Azrael
 27385 | Snake:3  | Killed Azrael
 27448 | Snake:3  | Found Wehu Mok's Weapon Emporium.
 27660 | Snake:4  | Entered Level 4 of the Snake Pit
 27686 | Snake:4  | Received a gift from Okawaru
 27709 | Snake:3  | Reached skill level 12 in Shields
 27813 | Snake:4  | Noticed Louise
 27823 | Snake:4  | Killed Louise
 27823 | Snake:4  | Reached skill level 13 in Shields
 27887 | Snake:4  | p0werm0de: ye
 27887 | Snake:4  | p0werm0de: all cks
 27899 | Snake:4  | Got a slimy scale mail
 28048 | Snake:4  | Reached skill level 14 in Fighting
 28139 | Snake:4  | Gained mutation: You have a pair of large horns on your head. [demonic ancestry]
 28139 | Snake:4  | Reached XP level 17. HP: 119/139 MP: 21/24
 28141 | Snake:4  | p0werm0de: got grey DrWz
 28211 | Snake:4  | p0werm0de: will i have more AC in dragon form??
 28215 | Snake:4  | p0werm0de: ;D
 28373 | Snake:4  | p0werm0de: like iron dragon dude
 28379 | Snake:4  | p0werm0de: IROON
 28397 | Snake:4  | Identified the cursed +0 scale mail of Disappointment {rElec MP+9 Dex-5 Slay+4} (You found it on level 4 of the Snake Pit)
 28557 | Snake:4  | HP: 27/139 [naga/scimitar (8)]
 28557 | Snake:4  | HP: 13/139 [nagaraja/whip (3)]
 28558 | Snake:4  | HP: 6/139 [nagaraja/halberd (7)]
 28558 | Snake:4  | Mangled by a nagaraja

Vault maps used:
D:1:      evilmike_arrival_hilbert_curve, serial_park_tiny_2, minmay_liquid_box,
          corexii_hall_statues_i, hex_medium, dk_noncrumbling_3,
          solitary_fountain, minmay_tetromino_i2
D:2:      chequers_ecumenical_altar_island
D:4:      kennysheep_ying_yang, led_xom_imps, first_bread, uniq_sigmund
D:5:      grunt_temple_overflow_growth_and_decay,
          minmay_temple_entry_statues_pillars, uniq_grinder, uniq_blork_the_orc,
          uniq_crazy_yiuf_cottage
D:6:      lemuel_blue_sif_altar, basic_altar, serial_shops,
          kennysheep_little_box
D:7:      overflow_temple_1_default, grunt_livestock, uniq_menkaure
D:8:      minmay_the_grid_2x2
D:9:      orc_david_3, uniq_erolcha
D:10:     serial_shops, kennysheep_mini_moat, kennysheep_generic_room_12,
          uniq_snorg
D:11:     bh_hangedman_babel_library
D:12:     minmay_misc_feat_secret_circle
D:13:     special_room, basic_altar
D:14:     minmay_curly_fans, erik_vaults_2, nicolae_trove_entry_columns,
          serial_co_window_serial, co_window_corner_a, co_window_paths_b,
          co_window_paths_b, co_window_of_opportunity_a, co_window_paths_a,
          co_window_of_opportunity_b, co_window_of_opportunity_b,
          co_window_broadway_c, co_window_unsneaky_path_e, co_window_4corner_a,
          glass_columns_a, glass_columns_a, glass_columns_a, glass_columns_a,
          glass_columns_a, special_room, grunt_decor_resistance,
          nicolae_dithmenos_through_a_glass_darkly
D:15:     gammafunk_depths_entry_grave
Temple:   regret_index_temple_generic_petals
Lair:1:   portal_ice_cave_entry_pillars_1, gammafunk_lair_bear_cave,
          serial_bayou_shore_b, lemuel_fruit_tree, serial_bayou_shore_a,
          uniq_joseph
Lair:2:   elwin_shoals_entry_rooms, minmay_snake_entry_guardpost_large,
          grunt_megastairs_5, uniq_gastronok
Lair:3:   lemuel_oklob_altar, uniq_rupert
Lair:4:   cheibrodos_lair_reptile_den, uniq_nessos
Lair:5:   nicolae_volcano_entry_two_sided
Lair:6:   evil_forest, slime_altar_1, st_stairs_8
Snake:2:  nicolae_snake_hallway, serial_shops, shop, nicolae_snake_squiggles,
          grunt_ministairs_8, uniq_vashnia
Snake:3:  serial_shops, nicolae_shop_statue_plus, uniq_azrael
Snake:4:  snake_hunt, grunt_megastairs_3, uniq_nikola, uniq_louise
Orc:1:    nooodl_orcs_dogs, uniq_erica
Orc:2:    pubby_orc_utopia, serial_shops, uniq_maurice, uniq_donald, uniq_sonja
IceCv:    ice_cave_small_demon
Volcano:  volcano_pools

Skill      XL: |  1  2  3  4  5  6  7  8  9 10 11 12 13 14 15 16 |
---------------+-------------------------------------------------+-----
Unarmed Combat | 3 4 5 6 7 8 10 11 12 14 16 | 16.4
Fighting       | 5 6 8 9 10 11 13 14 | 14.2
Evocations     | 4 9 10 | 10.3
Invocations    | 3 7 |  7.5
Armour         | 5 6 9 |  9.2
Dodging        | 5 |  5.2
Shields        | 5 10 13 | 13.0
Stealth        | |  1.7

Action                   |  1- 3 |  4- 6 |  7- 9 | 10-12 | 13-15 | 16-18 || total
-------------------------+-------+-------+-------+-------+-------+-------++-------
Melee: Unarmed           |   136 |   221 |   279 |   653 |  1500 |   426 ||  3215
       Punch             |     3 |     2 |    15 |    48 |    28 |       ||    96
       Headbutt          |    18 |    38 |    73 |   159 |   318 |   104 ||   710
       Kick              |       |       |       |       |   395 |   147 ||   542
Throw: Throwing net      |       |       |     3 |       |       |       ||     3
Invok: Heroism           |       |       |     3 |    20 |    52 |    17 ||    92
       Finesse           |       |       |       |     1 |     3 |     5 ||     9
 Abil: Evoke Flight      |       |       |       |       |     1 |       ||     1
Evoke: Wand              |       |       |    13 |    20 |    28 |     7 ||    68
       Lamp of fire      |       |       |       |     2 |     5 |     3 ||    10
       Phial of floods   |       |       |       |       |       |     2 ||     2
  Use: Scroll            |       |     6 |    15 |    15 |    21 |     2 ||    59
       Potion            |       |       |       |     1 |     1 |     3 ||     5
 Stab: Sleeping          |     1 |       |       |       |     1 |       ||     2
       Held in net/web   |       |       |     2 |       |       |       ||     2
       Distracted        |       |       |     1 |     5 |    14 |     4 ||    24
       Paralysed         |       |       |       |     4 |    35 |     5 ||    44
       Petrified         |       |       |       |     2 |       |       ||     2
  Eat: Chunk             |     1 |     7 |     7 |     8 |    19 |     1 ||    43
       Bread ration      |       |       |     2 |     4 |     4 |     3 ||    13
       Royal jelly       |       |       |       |       |     1 |       ||     1
       Fruit             |       |       |       |       |     1 |       ||     1
Armor: Scale mail        |    53 |    67 |   107 |   207 |       |     8 ||   442
       Robe              |     3 |       |       |       |       |       ||     3
       Ring mail         |       |       |       |    54 |    82 |       ||   136
       Fire dragon scale |       |       |       |       |   222 |    79 ||   301
Dodge: Dodged            |    63 |    90 |   115 |   353 |   455 |   146 ||  1222
Block: Other             |       |       |       |    15 |       |       ||    15
       Reflection        |       |       |       |     3 |       |       ||     3
       Shield            |       |       |       |       |   598 |   278 ||   876

Vault maps used:
D:1:      evilmike_arrival_hilbert_curve, serial_park_tiny_2, minmay_liquid_box,
          corexii_hall_statues_i, hex_medium, dk_noncrumbling_3,
          solitary_fountain, minmay_tetromino_i2
D:2:      chequers_ecumenical_altar_island
D:4:      kennysheep_ying_yang, led_xom_imps, first_bread, uniq_sigmund
D:5:      grunt_temple_overflow_growth_and_decay,
          minmay_temple_entry_statues_pillars, uniq_grinder, uniq_blork_the_orc,
          uniq_crazy_yiuf_cottage
D:6:      lemuel_blue_sif_altar, basic_altar, serial_shops,
          kennysheep_little_box
D:7:      overflow_temple_1_default, grunt_livestock, uniq_menkaure
D:8:      minmay_the_grid_2x2
D:9:      orc_david_3, uniq_erolcha
D:10:     serial_shops, kennysheep_mini_moat, kennysheep_generic_room_12,
          uniq_snorg
D:11:     bh_hangedman_babel_library
D:12:     minmay_misc_feat_secret_circle
D:13:     special_room, basic_altar
D:14:     minmay_curly_fans, erik_vaults_2, nicolae_trove_entry_columns,
          serial_co_window_serial, co_window_corner_a, co_window_paths_b,
          co_window_paths_b, co_window_of_opportunity_a, co_window_paths_a,
          co_window_of_opportunity_b, co_window_of_opportunity_b,
          co_window_broadway_c, co_window_unsneaky_path_e, co_window_4corner_a,
          glass_columns_a, glass_columns_a, glass_columns_a, glass_columns_a,
          glass_columns_a, special_room, grunt_decor_resistance,
          nicolae_dithmenos_through_a_glass_darkly
D:15:     gammafunk_depths_entry_grave
Temple:   regret_index_temple_generic_petals
Lair:1:   portal_ice_cave_entry_pillars_1, gammafunk_lair_bear_cave,
          serial_bayou_shore_b, lemuel_fruit_tree, serial_bayou_shore_a,
          uniq_joseph
Lair:2:   elwin_shoals_entry_rooms, minmay_snake_entry_guardpost_large,
          grunt_megastairs_5, uniq_gastronok
Lair:3:   lemuel_oklob_altar, uniq_rupert
Lair:4:   cheibrodos_lair_reptile_den, uniq_nessos
Lair:5:   nicolae_volcano_entry_two_sided
Lair:6:   evil_forest, slime_altar_1, st_stairs_8
Snake:2:  nicolae_snake_hallway, serial_shops, shop, nicolae_snake_squiggles,
          grunt_ministairs_8, uniq_vashnia
Snake:3:  serial_shops, nicolae_shop_statue_plus, uniq_azrael
Snake:4:  snake_hunt, grunt_megastairs_3, uniq_nikola, uniq_louise
Orc:1:    nooodl_orcs_dogs, uniq_erica
Orc:2:    pubby_orc_utopia, serial_shops, uniq_maurice, uniq_donald, uniq_sonja
IceCv:    ice_cave_small_demon
Volcano:  volcano_pools

Table legend:
 A = Turns spent in this place as a percentage of turns spent in the entire game.
 B = Non-inter-level travel turns spent in this place as a percentage of non-inter-level travel turns spent in the entire game.
 C = Inter-level travel turns spent in this place as a percentage of turns spent in this place.
 D = Turns resting spent in this place as a percentage of non-inter-level travel turns spent in this place.
 E = Turns spent auto-exploring this place as a percentage of non-inter-level travel turns spent in this place.
 F = Non-inter-level travel turns spent in this place divided by the number of levels of this place that you've seen.
                   A       B       C       D       E      F
               +-------+-------+-------+-------+-------+----------------------
         Total | 100.0 | 100.0 |   0.5 |   1.7 |   8.7 | 328.0
       Dungeon |  44.3 |  44.3 |   0.5 |   1.7 |  11.2 | 290.7
        Temple |   0.6 |   0.6 |   1.7 |   0.0 |  27.6 |  58.0
          Lair |  21.9 |  21.9 |   0.5 |   2.5 |   6.6 | 359.8
     Snake Pit |  14.0 |  14.0 |   0.1 |   1.7 |   6.7 | 345.5
  Orcish Mines |  13.6 |  13.6 |   0.7 |   0.3 |   8.4 | 667.0
      Ice Cave |   3.4 |   3.4 |   0.0 |   1.5 |   0.9 | 335.0
       Volcano |   2.1 |   2.2 |   0.0 |   2.4 |   0.0 | 212.0
               +-------+-------+-------+-------+-------+----------------------

Table legend:
 A = Kills in this place as a percentage of kills in entire the game.
 B = Kills by you in this place as a percentage of kills by you in the entire game.
 C = Kills by friends in this place as a percentage of kills by friends in the entire game.
 D = Other kills in this place as a percentage of other kills in the entire game.
 E = Experience gained in this place as a percentage of experience gained in the entire game.
 F = Experience gained in this place divided by the number of levels of this place that you have seen.
                   A       B       C       D       E      F
               +-------+-------+-------+-------+-------+----------------------
         Total | 100.0 | 100.0 | 100.0 | 100.0 | 100.0 | 7438.2
       Dungeon |  46.5 |  46.4 |  50.0 |  33.3 |  25.9 | 3846.7
          Lair |  16.8 |  16.8 |  18.4 |   0.0 |  20.7 | 7693.8
     Snake Pit |  14.2 |  14.1 |  15.8 |  33.3 |  34.7 | 19373.8
  Orcish Mines |  19.2 |  19.6 |  10.5 |   0.0 |  14.1 | 15700.0
      Ice Cave |   2.7 |   2.6 |   5.3 |   0.0 |   2.2 | 5005.0
       Volcano |   0.6 |   0.5 |   0.0 |  33.3 |   2.4 | 5384.0
               +-------+-------+-------+-------+-------+----------------------
